 Dungeon Crawl Stone Soup version bcrawl-1.33.1b (webtiles) character file.

Game seed: 1542441368153546321

114439 Metae the Covered (level 3, -6/36 HPs)
             Began as a Deep Dwarf Fighter on Aug 30, 2021.
             Was a Believer of Elyvilon.
             Mangled by a gnoll
             ... wielding a +1 flail of protection
              (12 damage)
             ... on level 3 of the Dungeon.
             The game lasted 00:10:00 (1766 turns).

Metae the Covered (Deep Dwarf Fighter)              Turns: 1766, Time: 00:10:01

Health: -6/36      AC:  7    Str: 20    XL:     3   Next: 85%
Magic:  3/3        EV:  5    Int:  8    God:    Elyvilon [**....]
Gold:   111        SH:  9    Dex: 12    Spells: 2/2 levels left

rFire    . . .     SeeInvis .   a - +0 war axe
rCold    . . .     Gourm    .   c - +0 medium shield
rNeg     . . .     Faith    .   b - +0 scale mail
rPois    .         Spirit   .   (no helmet)
rElec    .         Reflect  .   (no cloak)
rCorr    .         Harm     .   (no gloves)
MR       .....                  (no boots)
Stlth    ..........             (no amulet)
HPRegen  0.00/turn              (no ring)
MPRegen  0.08/turn              (no ring)

@: non-regenerating
A: damage resistance, sense surroundings 1, no regeneration
a: Lesser Healing, Heal Other, Divine Protection, Renounce Religion


You were on level 3 of the Dungeon.
You worshipped Elyvilon.
Elyvilon was pleased with you.
You were not hungry.

You visited 1 branch of the dungeon, and saw 3 of its levels.

You collected 111 gold pieces.

Inventory:

Hand Weapons
 a - a +0 war axe (weapon)
 p - a +1 rapier of venom
 t - a +0 war axe
Armour
 b - a +0 scale mail (worn)
 c - a +0 medium shield (worn)
 q - a +0 scale mail
Scrolls
 f - 2 scrolls of remove curse {unknown}
 g - a scroll of amnesia {unknown}
 i - a scroll of identify
 k - 2 scrolls of teleportation {unknown}
 l - a scroll of enchant weapon {unknown}
Potions
 d - 2 potions of might
 h - 2 potions of lignification {unknown}
 j - a potion of mutation {unknown}
 m - a potion of curing {unknown}
 n - 2 potions of degeneration {unknown}
 o - a potion of haste {unknown}
 r - a potion of magic {unknown}
 s - a potion of brilliance {unknown}
Comestibles
 e - 2 rations {!d}


   Skills:
 * Level 3.7 Fighting
 + Level 2.7 Axes
 + Level 4.0 Armour
 - Level 0.2 Stealth
 - Level 3.5 Shields
 + Level 0.8 Invocations


You had 2 spell levels left.
You didn't know any spells.
Your spell library was empty.

Dungeon Overview and Level Annotations

Branches:
Dungeon (3/12)

Altars:
Hepliaklqana
Xom


Innate Abilities, Weirdness & Mutations

You are resistant to damage.
You passively map a small area around you.
You do not regenerate.


Message History

The gnoll is severely wounded.
The gnoll barely misses you. The gnoll hits you but does no damage.
You hit the gnoll.
The gnoll is almost dead.
The gnoll hits you from afar with a +0 halberd.
You block the gnoll's attack.
You closely miss the gnoll.
The gnoll is almost dead.
The gnoll hits you from afar with a +0 halberd.
You block the gnoll's attack. The gnoll hits you but does no damage.
You block the gnoll's attack.
Your shield and scale mail prevent you from hitting the gnoll.
The gnoll is almost dead.
The gnoll closely misses you. You block the gnoll's attack.
You closely miss the gnoll.
The gnoll is almost dead.
The gnoll hits you from afar with a +0 halberd!
* * * LOW HITPOINT WARNING * * *
The gnoll hits you with a +1 flail of protection!
You die...

#.#.. #............ #.#.#
#............
##.#.####...........#
#.....(.....#########
#........g..# *
#####.....).....#
#......#g########
#......#g# #......#@# *,
* #......#.# ###
#......#.# .... ,
#......#.# *.....#
#......#.# .....#
#######......#.###.....#,
#....#####.###.........#
*,
#....#####(...(........#,
,
#..........####........+


You could see 2 gnolls.

Vanquished Creatures
  A gnoll (D:3)
  5 dart slugs (D:1)
  5 leopard geckos
  A ball python (D:1)
  5 bats
  2 giant cockroaches (D:1)
  5 hobgoblins
  3 kobolds (D:2)
  2 frilled lizards (D:1)
  2 goblins
  6 rats (D:1)
37 creatures vanquished.

Notes
Turn   | Place    | Note
-------+----------+-------------------------------------------
     0 | D:1      | Metae the Deep Dwarf Fighter began the quest for the Orb.
     0 | D:1      | Reached XP level 1. HP: 21/21 MP: 1/1
   165 | D:1      | Reached XP level 2. HP: 25/28 MP: 2/2
   179 | D:1      | Found a shimmering altar of Xom.
   396 | D:1      | Reached XP level 3. HP: 22/34 MP: 3/3
   652 | D:1      | Reached ** piety under Elyvilon
   944 | D:2      | Found a hazy altar of Hepliaklqana.
  1760 | D:3      | Reached skill level 4 in Armour
  1766 | D:3      | Mangled by a gnoll

Skill      XL: |  1  2  3 |
---------------+----------+-----
Armour         | 4 |  4.0
Fighting       | |  3.7
Axes           | |  2.7
Stealth        | |  0.2
Shields        | |  3.5
Invocations    | |  0.8

Action                   || total
-------------------------++-------
Melee: War axe           ||   107
Invok: Lesser Healing    ||     1
  Eat: Chunk             ||     3
       Ration            ||     1
Armor: Scale mail        ||    34
Dodge: Dodged            ||    27
Block: Medium shield     ||    57
